 Dungeon Crawl Stone Soup version 0.30-a0-465-g8901f6c8b5 (webtiles) character file.

Game seed: 143145673217996409

1576 NinjaNoafa the Cruncher (level 8, -1/61 HPs)
             Began as a Ghoul Gladiator on Dec 18, 2022.
             Slain by an orc warrior
             ... wielding a +0 glaive
              (9 damage)
             ... on level 6 of the Dungeon.
             The game lasted 00:12:50 (5629 turns).

NinjaNoafa the Cruncher (Ghoul Gladiator)           Turns: 5629, Time: 00:12:51

Health: -1/61      AC:  7    Str: 20    XL:     8   Next: 91%
Magic:  7/7        EV: 11    Int:  9    God:
Gold:   202        SH:  0    Dex: 10    Spells: 7/7 levels left

rFire   . . .      SeeInvis .    a - +0 quarterstaff
rCold   + . .      Faith    .    (shield currently unavailable)
rNeg    + + +      Spirit   .    D - +0 ring mail {Will+}
rPois   ∞          Reflect  .    c - +1 helmet
rElec   .          Harm     .    (no cloak)
rCorr   .          Rampage  .    (no gloves)
Will    +....                    (no boots)
Stlth   +.........               q - amulet of regeneration
HPRegen 0.00/turn                h - +6 ring of intelligence
MPRegen 0.10/turn                (no ring)

@: inhibited regen
A: claws 1, cold resistance 1, negative energy resistance 3, inhibited
regeneration, torment resistance 2, devour on kill
a: no special abilities


You were on level 6 of the Dungeon.
You visited 1 branch of the dungeon, and saw 7 of its levels.
You also visited: Ossuary.

You collected 421 gold pieces.
You spent 219 gold pieces at shops.

Inventory:

Hand Weapons
 a - a +0 quarterstaff (weapon)
Missiles
 d - a throwing net
 e - 4 curare-tipped darts
 g - 63 stones
 i - 8 poisoned darts
 k - 6 boomerangs (quivered)
Armour
 c - a +1 helmet (worn)
 D - a +0 ring mail of willpower (worn)
Jewellery
 h - a +6 ring of intelligence (left claw)
 q - an amulet of regeneration (around neck)
Scrolls
 j - 2 scrolls of noise
 m - 2 scrolls of butterflies {unknown}
 n - a scroll of poison
 p - 3 scrolls of blinking {unknown}
 s - 3 scrolls of magic mapping {unknown}
 t - 2 scrolls of vulnerability
 u - 3 scrolls of enchant weapon
 v - 2 scrolls of silence {unknown}
 w - a scroll of torment
 y - 5 scrolls of teleportation
 C - a scroll of enchant armour
Potions
 b - 2 potions of attraction {unknown}
 f - a potion of curing
 l - a potion of heal wounds
 o - a potion of ambrosia {unknown}
 r - 2 potions of brilliance
 x - a potion of degeneration
 z - 4 potions of flight
 A - a potion of resistance
 B - 2 potions of berserk rage {unknown}


   Skills:
 - Level 2.2 Fighting
 + Level 10.1 Staves
 - Level 1.8 Throwing
 - Level 2.7 Dodging
 - Level 2.6 Stealth


You had 7 spell levels left.
You didn't know any spells.
Your spell library contained the following spells:

 Spells                   Type           Power      Damage    Failure   Level
 Hailstorm                Conj/Ice       0%         3d3       91%         3
 Simulacrum               Ice/Necr       0%         N/A       100%        6
 Ice Form                 Ice/Tmut       Unusable   N/A       N/A         4

Dungeon Overview and Level Annotations

Branches:
Dungeon (7/15)            Ossuary (visited)
 Temple: D:4-7

Altars:

Shops:
D:4 (?:?


Innate Abilities, Weirdness & Mutations

You are immune to poison.
You have sharp fingernails.
Your flesh is cold resistant. (rC+)
You are immune to negative energy. (rN+++)
You do not regenerate when monsters are visible.
You are immune to unholy pain and torment.
You thrive by killing the living.


Message History

You hit the orc.
The orc is severely wounded.
The orc warrior closely misses you. The orc hits you with a +0 whip.
You closely miss the orc.
The orc is severely wounded.
The orc warrior hits you but does no damage.
You hit the orc.
You kill the orc!
The orc warrior misses you.
You closely miss the orc warrior.
The orc warrior is moderately wounded.
You hit the orc warrior but do no damage.
The orc warrior is moderately wounded.
The orc warrior closely misses you.
You closely miss the orc warrior.
The orc warrior is moderately wounded.
The orc warrior barely misses you.
You hit the orc warrior but do no damage.
The orc warrior is moderately wounded.
The orc warrior misses you.
You closely miss the orc warrior.
The orc warrior is moderately wounded.
The orc warrior hits you with a +0 glaive!
You barely miss the orc warrior.
The orc warrior is moderately wounded.
You barely miss the orc warrior.
The orc warrior is moderately wounded.
The orc warrior hits you with a +0 glaive!
You hit the orc warrior but do no damage.
The orc warrior is moderately wounded.
The orc warrior hits you with a +0 glaive.
* * * LOW HITPOINT WARNING * * *
You closely miss the orc warrior.
The orc warrior is moderately wounded.
The orc warrior hits you with a +0 glaive.
* * * LOW HITPOINT WARNING * * *
You hit the orc warrior.
The orc warrior is heavily wounded.
The orc warrior hits you with a +0 glaive!
You die...

####.#### #.....# ###.#
........# #.##..# #.#
.###.##.# #.#...## #.# .#
#.##.#####......##########.#
.#
#..............#...........#
.#
####.#####.#.....###########
.######.# #.###.###
........# #.###)# #########
#.<.@o# #######


You could see an orc warrior.

Vanquished Creatures
  Sigmund (D:6)
  3 ice beasts (D:6)
  A phantom (D:4)
  3 elf zombies (Ossuary)
  4 scorpions
  3 centaur zombies (Ossuary)
  A hound (D:5)
  2 human zombies (Ossuary)
  3 jellies
  2 orc wizards (D:5)
  2 mummies (Ossuary)
  20 adders
  A white imp (D:5)
  3 worms
  2 dart slugs
  4 orcs
  5 bats
  7 endoplasms
  A giant cockroach (D:4)
  2 goblins
  5 hobgoblins
  5 kobolds
  4 quokkas
  13 ball pythons
  A goblin zombie (Ossuary)
  9 hobgoblin zombies (Ossuary)
  2 jackal zombies (Ossuary)
  11 kobold zombies (Ossuary)
  5 orc zombies (Ossuary)
  3 rats
  A rat zombie (Ossuary)
129 creatures vanquished.

Vanquished Creatures (others)
  6 toadstools (D:2)
6 creatures vanquished.

Grand Total: 135 creatures vanquished

Notes
Turn   | Place    | Note
-------+----------+-------------------------------------------
     0 | D:1      | NinjaNoafa the Ghoul Gladiator began the quest for the Orb.
     0 | D:1      | Reached XP level 1. HP: 17/17 MP: 0/0
    97 | D:1      | Reached skill level 1 in Stealth
   118 | D:1      | Reached XP level 2. HP: 20/24 MP: 1/1
   119 | D:1      | Reached skill level 3 in Staves
   679 | D:2      | Reached XP level 3. HP: 26/29 MP: 2/2
  1418 | D:3      | Reached XP level 4. HP: 36/36 MP: 3/3
  1947 | D:3      | Reached skill level 4 in Staves
  2099 | D:3      | Reached XP level 5. HP: 41/41 MP: 4/4
  2349 | D:4      | Noticed a phantom
  2358 | D:4      | Killed a phantom
  2359 | D:4      | Reached skill level 5 in Staves
  2404 | D:4      | Found Jizots's Book Shop.
  2425 | D:4      | Reached XP level 6. HP: 33/48 MP: 5/5
  2489 | D:4      | Found Ducarhet's Magic Scroll Shoppe.
  2494 | D:4      | Bought a scroll of teleportation for 33 gold pieces
  2494 | D:4      | Bought a scroll of enchant weapon for 82 gold pieces
  2494 | D:4      | Bought a scroll of enchant weapon for 82 gold pieces
  2494 | D:4      | Bought a scroll of identify for 22 gold pieces
  2528 | D:4      | Found Exaaru Fuhe's Weapon Emporium.
  2601 | D:4      | Found Xuka's Magic Scroll Shop.
  2920 | D:5      | Entered Level 5 of the Dungeon
  2927 | D:5      | Reached skill level 6 in Staves
  3046 | D:5      | Found a sand-covered staircase.
  3095 | Ossuary  | Entered an ossuary
  3161 | Ossuary  | Reached XP level 7. HP: 54/55 MP: 6/6
  3266 | Ossuary  | Reached skill level 7 in Staves
  3482 | Ossuary  | Reached skill level 8 in Staves
  3783 | D:5      | Reached XP level 8. HP: 54/61 MP: 7/7
  4482 | D:6      | Reached skill level 9 in Staves
  5377 | D:6      | Noticed Sigmund
  5384 | D:6      | Killed Sigmund
  5385 | D:6      | Reached skill level 10 in Staves
  5629 | D:6      | Slain by an orc warrior

Illustrated notes

Levels and vault maps discovered:
D:1:      matt_arrival_diagonals, layout_loops_ring, eino_curves_02
D:2:      layout_basic, minmay_gold_behind_fungi
D:3:      layout_loops_ring, hangedman_glass_teeth, dreamdust_wishing_well,
          minmay_snake_closets
D:4:      layout_gridville, serial_shops, nicolae_shop_hallway_stairs, shop,
          nicolae_shop_crystal, nicolae_shop_hallway_stairs,
          hangedman_abyss_or_decor_stagger
D:5:      layout_loops_ring, nicolae_ossuary_entry_monument
D:6:      layout_loops_corners, corexii_corridor_pit, uniq_sigmund
D:7:      layout_cave_pools, amethyst_overflow_temple_binary,
          minmay_temple_entry_waves, minivault_11, uniq_maggie

Skill      XL: |  1  2  3  4  5  6  7  8 |
---------------+-------------------------+-----
Stealth        | 1 2 |  2.6
Staves         | 3 4 5 6 8 10 | 10.1
Fighting       | |  2.2
Throwing       | |  1.8
Dodging        | |  2.7

Action                   |  1- 3 |  4- 6 |  7- 9 || total
-------------------------+-------+-------+-------++-------
Melee: Quarterstaff      |    76 |   171 |   250 ||   497
Throw: Javelin           |     3 |     3 |       ||     6
       Boomerang         |       |       |    20 ||    20
       Dart              |       |       |     4 ||     4
       Throwing net      |       |       |     3 ||     3
Evoke: Wand              |       |       |     6 ||     6
  Use: Scroll            |       |     8 |     6 ||    14
       Potion            |       |       |     2 ||     2
 Stab: Sleeping          |       |     3 |     1 ||     4
       Held in net/web   |       |       |     2 ||     2
Armor: Leather armour    |    23 |    61 |    59 ||   143
       Ring mail         |       |       |    11 ||    11
Dodge: Dodged            |    53 |   118 |   128 ||   299

Table legend: (Time is in decaauts)
 A = Elapsed time spent in this place.
 B = Non-inter-level travel time spent in this place.
 C = Inter-level travel time spent in this place.
 D = Time resting spent in this place.
 E = Time spent auto-exploring this place.
 F = Levels seen in this place.
 G = Mean time per level.
                   A        B        C        D        E       F      G
               +--------+--------+--------+--------+--------+-----+--------+
         Total |   5629 |   5279 |    350 |     29 |   4082 |   8 |  703.6 |
       Dungeon |   5061 |   4711 |    350 |     29 |   3756 |   7 |  723.0 |
       Ossuary |    568 |    568 |      0 |      0 |    326 |   1 |  568.0 |
               +--------+--------+--------+--------+--------+-----+--------+

Top non-repeatable levels by time:
     D:6: 1066 daAuts
     D:3: 1029 daAuts
     D:5: 861 daAuts
     D:2: 854 daAuts
     D:1: 622 daAuts
     D:4: 609 daAuts
 Ossuary: 568 daAuts
     D:7: 17 daAuts
